 Dungeon Crawl Stone Soup version 0.27-a0-223-ge082b6e869 (webtiles) character file.

Game seed: 709142480610609062

1451 KristoblXynda the Carver (level 8, -1/70 HPs)
             Began as a Purple Draconian Gladiator on Feb 1, 2021.
             Slain by a phantom (3 damage)
             ... on level 4 of the Dungeon.
             The game lasted 00:06:16 (5008 turns).

KristoblXynda the Carver (DrGl)                     Turns: 5008, Time: 00:06:16

Health: -1/70      AC:  8    Str: 18    XL:     8   Next: 47%
Magic:  8/8        EV: 14    Int: 10    God:
Gold:   230        SH:  0    Dex: 12    Spells: 7/7 levels left

rFire    . . .     SeeInvis .   a - +0 long sword
rCold    . . .     Faith    .   (no shield)
rNeg     . . .     Spirit   .   (armour unavailable)
rPois    .         Reflect  .   l - +1 hat
rElec    .         Harm     .   b - +0 cloak
rCorr    +         Rampage  .   (no gloves)
Will     ++...                  (no boots)
Stlth    +.........             d - amulet of the acrobat
HPRegen  0.21/turn              o - ring of willpower
MPRegen  0.11/turn              s - ring of resist corrosion

@: no status effects
A: breathe power, unfitting armour, cold-blooded, AC +6
a: Breathe Dispelling Energy


You were on level 4 of the Dungeon.
You visited 1 branch of the dungeon, and saw 5 of its levels.

You collected 230 gold pieces.

Inventory:

Hand Weapons
 a - a +0 long sword (weapon)
Missiles
 c - 3 throwing nets (quivered)
Armour
 b - a +0 cloak (worn)
 l - a +1 hat (worn)
Jewellery
 d - an amulet of the acrobat (around neck)
 o - a ring of willpower (left hand)
 s - a ring of resist corrosion (right hand)
Wands
 n - a wand of paralysis (1)
 p - a wand of iceblast (2)
Scrolls
 f - 2 scrolls of identify
 g - a scroll of amnesia {unknown}
 i - 2 scrolls of teleportation
 k - a scroll of blinking {unknown}
 m - a scroll of remove curse {unknown}
 q - 2 scrolls of enchant weapon {unknown}
 r - a scroll of immolation
 t - a scroll of fear {unknown}
 u - a scroll of noise {unknown}
Potions
 e - 2 potions of resistance
 j - 3 potions of attraction


   Skills:
 + Level 6.0 Fighting
 * Level 8.0 Long Blades
 - Level 2.0 Throwing
 + Level 5.5 Dodging


You had 7 spell levels left.
You didn't know any spells.
Your spell library was empty.

Dungeon Overview and Level Annotations

Branches:
Dungeon (5/15)
 Temple: D:4-7

Altars:
Dithmenos
Makhleb
Okawaru
Qazlal
Yredelemnul
Zin
The Shining One


Innate Abilities, Weirdness & Mutations

You can breathe bolts of dispelling energy.
Your rich purple scales are hard. (AC +6)
You cannot fit into any form of body armour.
You are cold-blooded and may be slowed by cold attacks.


Message History

The phantom blinks!
You blink.
The phantom completely misses you.
You riposte.
You barely miss the phantom.
The phantom is almost destroyed.
The phantom barely misses you.
The orc priest begins to cast a cantrip, but forgets the words!
You see here 15 stones.
There is a stone staircase leading up here.
The phantom completely misses you.
You riposte.
You hit the phantom but do no damage.
The phantom is severely damaged.
You climb upwards.
There is a stone staircase leading down here.
You miss the phantom.
Your tail-slap misses the phantom.
The phantom is severely damaged.
The phantom hits you!
* * * LOW HITPOINT WARNING * * *
You hit the phantom.
The phantom is almost destroyed.
The phantom hits you.
You die...

...................##...###.#
.#......................##..#
.#.#.##.#####.#.#..##.#.##..#
.#.#.##.# #...#..##.#.##..#
.#.#.##.######..#..####.....#
.............#..............#
......#.#####.........#.###.#
......#.# #.#W#.###.#.# ###
...####.# #.#.@.# #.#.# .#.#
#.# #.#...# #.#.# .#.#
##.#####.#...# #.#.# .#.#
#............###.#.##### .#.#
#.######.#....†........#
######.# #.##.######.#####
.......# #.##.# #.# .#...#.#
#.##.# #.# .......# #.##.#
#.#


You could see a phantom.

Vanquished Creatures
  Pikel (D:5)
  Sigmund (D:3)
  A human (D:2)
  Menkaure (D:5)
  A phantom (D:5)
  A scorpion (D:4)
  A water moccasin skeleton (D:5)
  2 howler monkeys (D:4)
  A bullfrog zombie (D:5)
  A hound (D:5)
  A bullfrog skeleton (D:5)
  A centaur skeleton (D:4)
  Ijyb (D:3)
  Terence (D:3)
  2 worker ants (D:4)
  A hound skeleton (D:3)
  Robin (D:3)
  3 adders (D:3)
  An ooze (D:5)
  3 worms
  2 dart slugs
  4 leopard geckos
  6 orcs
  2 ball pythons
  3 giant cockroaches
  16 goblins
  4 hobgoblins
  2 jackals (D:5)
  3 quokkas
  6 bats
  5 frilled lizards
  A jackal zombie (D:2)
  5 kobolds
  A kobold zombie (D:2)
  8 rats
94 creatures vanquished.

Vanquished Creatures (others)
  A plant (D:2)
1 creature vanquished.

Grand Total: 95 creatures vanquished

Notes
Turn   | Place    | Note
-------+----------+-------------------------------------------
     0 | D:1      | KristoblXynda the Draconian Gladiator began the quest for
                  | the Orb.
     0 | D:1      | Reached XP level 1. HP: 17/17 MP: 1/1
   263 | D:1      | Reached XP level 2. HP: 25/25 MP: 2/2
  1298 | D:2      | Reached XP level 3. HP: 27/30 MP: 3/3
  1337 | D:2      | Found a runed translucent door.
  1337 | D:2      | Noticed a human
  1341 | D:2      | Found a basalt altar of Yredelemnul.
  1370 | D:2      | Killed a human
  1371 | D:2      | Reached skill level 4 in Long Blades
  1371 | D:2      | Reached XP level 4. HP: 21/38 MP: 4/4
  1371 | D:2      | Reached XP level 5. HP: 25/45 MP: 5/5
  2000 | D:3      | Noticed Terence
  2022 | D:3      | Killed Terence
  2167 | D:3      | Found a glowing silver altar of Zin.
  2198 | D:3      | Found an iron altar of Okawaru.
  2293 | D:3      | Noticed Robin
  2295 | D:3      | Reached skill level 5 in Long Blades
  2327 | D:3      | Killed Robin
  2478 | D:3      | Noticed Sigmund
  2531 | D:3      | Killed Sigmund
  2532 | D:3      | Reached XP level 6. HP: 52/52 MP: 6/6
  2807 | D:3      | Noticed Ijyb
  2812 | D:3      | Paralysed by Ijyb for 6 turns
  2828 | D:3      | Paralysed by Ijyb for 4 turns
  2832 | D:3      | Killed Ijyb
  2938 | D:3      | Found a burning altar of Makhleb.
  2943 | D:3      | Found a glowing golden altar of the Shining One.
  2965 | D:3      | Found a stormy altar of Qazlal.
  3356 | D:4      | Reached skill level 6 in Long Blades
  3356 | D:4      | Your scales start taking on a rich purple colour.
  3356 | D:4      | Reached XP level 7. HP: 33/60 MP: 7/7
  4053 | D:4      | Found a shadowy altar of Dithmenos.
  4237 | D:5      | Entered Level 5 of the Dungeon
  4329 | D:5      | Reached skill level 5 in Fighting
  4473 | D:5      | Noticed Menkaure
  4486 | D:5      | HP: 1/61 [Menkaure/nerve-wracking pain (12)]
  4492 | D:5      | Killed Menkaure
  4492 | D:5      | HP: 2/61 [orc/cursed -1 club (3)]
  4493 | D:5      | Reached skill level 7 in Long Blades
  4873 | D:5      | Reached skill level 5 in Dodging
  4873 | D:5      | Reached XP level 8. HP: 67/69 MP: 8/8
  4933 | D:5      | Noticed Pikel
  4982 | D:5      | Killed Pikel
  4983 | D:5      | Reached skill level 8 in Long Blades
  5007 | D:4      | HP: 2/70 [phantom (7)]
  5008 | D:4      | Slain by a phantom

Illustrated notes

Levels and vault maps discovered:
D:1:      evilmike_arrival_fibonacci_small, layout_loops_ring
D:2:      layout_loops_corners, serial_bayou, serial_bayou_lagoon_a,
          serial_bayou_pond_d, serial_bayou_crossing, serial_bayou_pond_e,
          dk_yredelemnul_ordeal
D:3:      minmay_evil_eye, layout_rooms, nicolae_overflow_hidden_temple,
          zin_treasury, general_overflow_altar,
          minmay_overflow_temple_star_quad, uniq_ijyb, uniq_sigmund, uniq_robin,
          uniq_terence
D:4:      layout_basic, lemuel_coloured_pillars_altar
D:5:      kennysheep_spiral_hall, layout_loops_cross, uniq_pikel, uniq_menkaure

Skill      XL: |  1  2  3  4  5  6  7  8 |
---------------+-------------------------+-----
Throwing       | 2 |  2.0
Dodging        | 3 4 5 |  5.5
Fighting       | 3 4 5 6 |  6.0
Long Blades    | 4 5 6 7 8 |  8.0

Action                   |  1- 3 |  4- 6 |  7- 9 || total
-------------------------+-------+-------+-------++-------
Melee: Long sword        |   108 |   171 |   128 ||   407
       Tailslap          |    16 |    19 |    22 ||    57
Evoke: Wand              |       |       |     2 ||     2
  Use: Potion            |     2 |     1 |     5 ||     8
       Scroll            |       |     2 |     2 ||     4
 Stab: Sleeping          |       |       |     1 ||     1
Armor: Skin              |    28 |    52 |    35 ||   115
Dodge: Dodged            |    71 |   138 |   110 ||   319
       Rpst.: Long sword |    20 |    42 |    28 ||    90

Table legend: (Time is in decaauts)
 A = Elapsed time spent in this place.
 B = Non-inter-level travel time spent in this place.
 C = Inter-level travel time spent in this place.
 D = Time resting spent in this place.
 E = Time spent auto-exploring this place.
 F = Levels seen in this place.
 G = Mean time per level.
                   A        B        C        D        E       F      G
               +--------+--------+--------+--------+--------+-----+--------+
         Total |   5089 |   4919 |    170 |   1088 |   2883 |   5 | 1017.8 |
       Dungeon |   5089 |   4919 |    170 |   1088 |   2883 |   5 | 1017.8 |
               +--------+--------+--------+--------+--------+-----+--------+

Top non-repeatable levels by time:
     D:2: 1351 daAuts
     D:3: 1242 daAuts
     D:4: 1063 daAuts
     D:5: 774 daAuts
     D:1: 657 daAuts
